Map: Ulrena

Players

LindyHop

  • Race: Zerg Zerg
  • League: Platinum

aneid - Winner!

  • Race: Zerg Zerg
  • League: Gold

VOD

Have the link to the VOD?

Description

Time

  • Played on: Jan. 6, 2016, 8:28 p.m.
  • Length: 7:06
Show
View Real Time Build Order
Export as new Build Order

LindyHop Zerg 

Build Orders: Pool First 

Get SALT Encoding   

  12  0:01  Drone  
  13  0:09  Drone  
  14  0:17  Overlord  
  14  0:35  Spawning Pool  
  13  0:37  Drone  
  13  0:41  Drone  
  15  0:44  Drone  
  16  0:50  Drone  
  16  0:56  Extractor  
  16  1:17  Hatchery  
  15  1:25  Queen  
  17  1:31  Zergling x2  
  19  1:32  Zergling x2  
  19  1:43  Spine Crawler  
  19  1:47  Zergling x2  
  19  2:01  Spine Crawler  
  17  2:11  Baneling Nest  
  17  2:13  Drone  
  17  2:24  Drone  
  19  2:39  Queen  
  21  2:46  Zergling x2  
  21  2:47  Zergling x4  
  24  2:54  Zergling x4  
  24  2:55  Zergling x2  
  24  2:56  Baneling  
  24  2:57  Baneling  
  27  3:17  Overlord  
  27  3:21  Baneling  
  27  3:22  Baneling  
  27  3:24  Baneling  
  27  3:48  Hatchery  
  24  3:54  Drone x4  
  26  4:06  Drone x3  
  29  4:25  Evolution Chamber  
  29  4:26  Extractor  
  29  4:27  Evolution Chamber, Overlord  
  26  4:34  Metabolic Boost  
  26  4:44  Drone x2  
  28  4:57  Drone, Roach Warren  
  28  5:03  Drone  
  29  5:15  Drone x3  
  32  5:30  Lair  
  32  5:35  Drone x2  
  34  5:38  Drone  
  35  5:47  Overlord  
  35  6:00  Roach  
  35  6:01  Roach x3  
  43  6:09  Roach  
  43  6:10  Roach  
  43  6:11  Zergling x2  
  43  6:28  Roach  
  43  6:29  Overlord, Zergling x2  
  43  6:34  Zergling x4  
  43  6:35  Zergling x2  
  43  6:36  Zergling x2  
  38  6:44  Zergling x4  
  38  6:45  Zergling x2  
Show
View Real Time Build Order
Export as new Build Order

aneid Zerg - Winner!

Build Orders: Pool First 

Get SALT Encoding   

  12  0:06  Drone  
  13  0:23  Spawning Pool  
  13  0:25  Extractor  
  11  0:28  Drone  
  11  0:33  Drone  
  13  0:43  Overlord  
  13  0:51  Drone  
  14  1:10  Queen  
  16  1:11  Zergling x2  
  16  1:13  Zergling x2  
  16  1:16  Zergling x2  
  19  1:32  Metabolic Boost  
  19  1:42  Zergling x4  
  21  1:51  Zergling x2  
  22  2:02  Overlord  
  19  2:19  Zergling x4  
  19  2:21  Zergling x6  
  24  2:28  Baneling Nest  
  23  2:49  Zergling x2  
  23  2:50  Zergling x8  
  28  3:30  Hatchery  
  28  3:32  Drone  
  15  3:57  Queen  
  15  4:02  Drone x4  
  21  4:18  Roach Warren  
  20  4:41  Overlord x2  
  20  5:03  Roach x5  
  30  5:12  Roach  
  32  5:33  Roach x3  
  32  5:34  Roach x2  
  42  5:42  Overlord  
  42  6:00  Zergling x4  
  42  6:01  Zergling x6  
  42  6:03  Zergling x2  
  48  6:24  Ravager  
  39  6:33  Zergling x12  
  39  6:34  Zergling x2  
  39  6:37  Ravager  
  42  6:47  Zergling x6  
  42  6:48  Zergling x2  
Tags
 
Add a new tag
Caveats
  • Supply blocks, unpowered buildings, or Contaminate may cause inaccurate times.
  • Supply counts are checked every 10 seconds.